 Dungeon Crawl Stone Soup version 0.19-a0-1732-g0b18a7b (webtiles) character file.

90 4thArraOfDagon the Firebug (level 4, -1/24 HPs)
             Began as a Deep Elf Fire Elementalist on Sept 30, 2016.
             Slain by a hound (3 damage)
             ... on level 6 of the Dungeon.
             The game lasted 00:03:44 (532 turns).

4thArraOfDagon the Firebug (DEFE)                    Turns: 532, Time: 00:03:45

Health: -1/24      AC:  1    Str:  5    XL:     4   Next: 32%
Magic:  11/11      EV: 18    Int: 21    God:
Gold:   113        SH:  0    Dex: 20    Spells: 3 memorised, 2 levels left

rFire  . . .     SeeInvis .     e - +3 dagger (venom)
rCold  . . .     Gourm    .     a - +0 robe
rNeg   . . .     Faith    .     (no shield)
rPois  .         Spirit   .     (no helmet)
rElec  .         Dismiss  .     (no cloak)
rCorr  .         Reflect  .     (no gloves)
MR     .....     Harm     .     (no boots)
Stlth  +++....... Rnd*Rage +    (no amulet)
                                (no ring)
                                (no ring)

@: agile, very slightly contaminated, hasted and slowed
A: berserk 1, blurry vision 1, deformed body
a: no special abilities


You were on level 6 of the Dungeon.
You were not hungry.

You visited 1 branch of the dungeon, and saw 6 of its levels.

You collected 113 gold pieces.

Inventory:

Hand Weapons
 e - a +3 dagger of venom (weapon)
Armour
 a - a +0 robe (worn)
Scrolls
 h - a scroll of noise {unknown}
Potions
 j - a potion of agility
Books
 b - a book of Flames

   Spells                             Type                      Level
   a - Flame Tongue                   Conjuration/Fire             1
   b - Throw Flame                    Conjuration/Fire             2
   c - Conjure Flame                  Conjuration/Fire             3
   d - Inner Flame                    Hexes/Fire                   3
   e - Sticky Flame                   Conjuration/Fire             4
   f - Fireball                       Conjuration/Fire             5
Comestibles
 c - a bread ration
 f - 2 beef jerkies
 g - a meat ration


   Skills:
 - Level 2.4 Dodging
 - Level 2.4 Stealth
 + Level 3.7 Spellcasting
 * Level 3.1 Conjurations
 * Level 4.3 Fire Magic


You had 2 spell levels left.
You knew the following spells:

 Your Spells              Type           Power        Failure   Level  Hunger
a - Flame Tongue          Conj/Fire      ###..        2%          1    None
b - Conjure Flame         Conj/Fire      ###.....     10%         3    ###....
c - Sticky Flame          Conj/Fire      ###.....     28%         4    ####...


Dungeon Overview and Level Annotations

Branches:
Dungeon (6/15)             Temple (0/1) D:6

Altars:
Ashenzari

Annotations:
D:3 Vasilisck's ghost, amateur DsFi


Innate Abilities, Weirdness & Mutations

You tend to lose your temper in combat.
Scrolls take you a little longer to read.
Armour fits poorly on your strangely shaped body.


Message History

The hound misses you.
The orc wizard casts a spell.
The orc wizard blinks!
The hound barely misses you.
Unknown command.
It was a potion of mutation.
You feel extremely strange.
You feel a little pissed off.
Your body twists and deforms.
Your vision blurs.
The hound closely misses you.
The orc wizard casts a spell.
The orc wizard blinks!
The adder closely misses you.
Unknown command.
The hound bites you.
* * * LOW HITPOINT WARNING * * *
Unknown command.
Unknown command.
The orc wizard casts a spell.
The orc wizard blinks!
Unknown command.
Unknown command.
The hound bites you.
You die...

. .. ... .... #######
... ######....$##.#
?..........@..#
............Sh.###
......>.....o...###.
............or......
...............#..... #
....>..........####....
..........a..o.## ..
................###.#
...?....<.$####.....#


You could see a hound, a worker ant, an orc wizard, an adder, 2 orcs and a
quokka.

Vanquished Creatures
  A bullfrog skeleton (D:5)
  A centaur skeleton (D:5)
  A worker ant (D:4)
  2 worms (D:2)
  2 bats
  A giant cockroach (D:1)
  2 goblins
  A kobold (D:2)
  A rat (D:1)
12 creatures vanquished.

Notes
Turn   | Place    | Note
-------+----------+-------------------------------------------
     0 | D:1      | 4thArraOfDagon the Deep Elf Fire Elementalist began the quest for the Orb.
     0 | D:1      | Reached XP level 1. HP: 10/10 MP: 6/6
   104 | D:2      | Reached XP level 2. HP: 3/15 MP: 4/8
   265 | D:3      | Noticed Vasilisck's ghost (amateur DsFi)
   317 | D:3      | Found a shattered altar of Ashenzari.
   352 | D:4      | Reached XP level 3. HP: 17/19 MP: 5/9
   357 | D:4      | Learned a level 3 spell: Conjure Flame
   376 | D:5      | Entered Level 5 of the Dungeon
   393 | D:5      | Reached skill level 4 in Fire Magic
   432 | D:5      | Reached XP level 4. HP: 13/24 MP: 7/11
   443 | D:5      | Learned a level 4 spell: Sticky Flame
   503 | D:6      | Found a staircase to the Ecumenical Temple.
   529 | D:6      | Gained mutation: You tend to lose your temper in combat. [potion of mutation]
   529 | D:6      | Gained mutation: Armour fits poorly on your strangely shaped body. [potion of mutation]
   529 | D:6      | Gained mutation: Scrolls take you a little longer to read. [potion of mutation]
   532 | D:6      | Slain by a hound

Vault maps used:
D:1:      dpeg_arrival_lava_temple_mockup
D:2:      minmay_diamond_boxcup, uniq_natasha
D:3:      old_standard_altar
D:4:      portal_sewer_entry_e, serial_shops, kennysheep_mini_moat, uniq_duvessa
D:5:      amethyst_overflow_temple_binary, first_bread, uniq_pikel
D:6:      hangedman_abyss_or_decor_stabs, uniq_crazy_yiuf_cottage

Skill      XL: |  1  2  3 |
---------------+----------+-----
Conjurations   | 2 3 |  3.1
Fire Magic     | 4 |  4.3
Dodging        | |  2.4
Stealth        | |  2.4
Spellcasting   | |  3.7

Action                   |  1- 3 |  4- 6 || total
-------------------------+-------+-------++-------
Melee: Dagger            |    11 |       ||    11
       Unarmed           |     3 |       ||     3
 Cast: Flame Tongue      |    18 |       ||    18
       Conjure Flame     |     2 |       ||     2
  Use: Scroll            |     2 |       ||     2
       Potion            |       |     3 ||     3
Armor: Robe              |     8 |     1 ||     9
Dodge: Dodged            |     8 |     6 ||    14
